 Dungeon Crawl Stone Soup version 0.26.1-11-gd32895ea62 (webtiles) character file.

Game seed: 6944704690270811281

26 jlumianski the Caller (level 2, 0/11 HPs)
             Began as a Felid Summoner on May 22, 2021.
             Succumbed to a kobold's poison
             ... on level 1 of the Dungeon.
             The game lasted 00:04:34 (956 turns).

jlumianski the Caller (Felid Summoner)               Turns: 956, Time: 00:04:35

Health: 0/11       AC:  1    Str:  4    XL:     2   Next: 89%
Magic:  6/6        EV: 18    Int: 16    God:
Gold:   46         SH:  0    Dex: 16    Spells: 2/5 levels left
                                        Lives:  0   Deaths: 0

rFire    . . .     SeeInvis +   (weapon unavailable)
rCold    . . .     Faith    .   (shield unavailable)
rNeg     . . .     Spirit   .   (armour unavailable)
rPois    .         Reflect  .   (helmet unavailable)
rElec    .         Harm     .   (cloak unavailable)
rCorr    .         Rampage  .   (gloves unavailable)
Will     .....                  (boots unavailable)
Stlth    +++.......             (no amulet)
HPRegen  0.03/turn              (no ring)
MPRegen  0.10/turn              (no ring)

@: brilliant, lethally poisoned (0 -> -7), hasted, very quick
A: very small, no armour, no weapons or thrown items, stealth, claws 1, fangs 3,
see invisible, speed 1, shaggy fur 1, sharp paws
a: no special abilities


You were on level 1 of the Dungeon.
You visited 1 branch of the dungeon, and saw 2 of its levels.

You collected 46 gold pieces.

Inventory:

Jewellery
 e - an uncursed ring of poison resistance {unknown}
Scrolls
 a - 2 scrolls of noise {unknown}
Potions
 d - a potion of haste


   Skills:
 + Level 2.7 Dodging
 + Level 3.0 Stealth
 + Level 0.1 Unarmed Combat
 + Level 2.2 Spellcasting
 + Level 4.6 Summonings


You had 2 spell levels left.
You knew the following spells:

 Your Spells              Type           Power        Failure   Level
a - Summon Small Mammal   Summ           100%         3%          1
b - Call Imp              Summ           25%          4%          2

Your spell library contained the following spells:

 Spells                   Type           Power        Failure   Level
 Call Canine Familiar     Summ           25%          9%          3
 Summon Guardian Golem    Hex/Summ       13%          24%         3
 Summon Ice Beast         Ice/Summ       13%          61%         4
 Summon Lightning Spire   Summ/Air       13%          61%         4


Dungeon Overview and Level Annotations

Branches:
Dungeon (2/15)

Altars:


Innate Abilities, Weirdness & Mutations

You cannot wear armour.
You are incapable of wielding weapons or throwing items.
Your paws allow you to move quietly. (Stealth)
You have sharp claws.
You have razor-sharp teeth.
You have supernaturally acute eyesight. (SInv)
You cover ground quickly.
You are covered in fur. (AC +1)
Your sharp claws are effective at attacking unaware monsters.


Message History

The kobold barely misses you.
You barely miss the kobold.
A kobold comes into view. It is wielding a +0 short sword.
The kobold hits you with a +2 dagger of venom.
You are lethally poisoned!
You feel sick.
You feel sick.
You feel sick.
You feel sick.
You feel sick.
* * * LOW HITPOINT WARNING * * *
You feel sick.
* * * LOW HITPOINT WARNING * * *
You feel sick.
* * * LOW HITPOINT WARNING * * *
You feel sick.
It was a potion of haste.
You feel yourself speed up.
It was a potion of brilliance.
You feel clever all of a sudden.
You die...

*,* #.###.##.......# #...
*,* *,#..........#.###..#
*,***,#......###.#......#
*,,**,#..##### #.###.##.#
**,**,#..# #.##.#.#.#
*,*#,#.(# #.#.#*#..#
*,*#.#.)# #.#.,*.#.#
*,##.#..# #.#,*.##.#
#.#....@#######.#,##*#.#
#..............,,,***#..
##.....K####...,*,,,,...
####..###.###*,****,****,,
*.....* #...#*,# *,* *,,
*,##..###.#.#*.# *,* **,
*,*#...[K.#.##.# *,* *,
*,*#..#.###.#..#***,* *,
*,*#..#.###..#,,,,,,*****,


You could see 2 kobolds.

Vanquished Creatures
  A leopard gecko (D:1)
  A hobgoblin (D:1)
  2 frilled lizards (D:1)
4 creatures vanquished.

Vanquished Creatures (collateral kills)
  An adder (D:2)
  An ooze (D:1)
  A dart slug (D:1)
  2 bats
  2 goblins (D:1)
  3 hobgoblins (D:1)
  2 kobolds (D:1)
  A ball python (D:1)
  6 frilled lizards (D:1)
19 creatures vanquished.

Grand Total: 23 creatures vanquished

Notes
Turn   | Place    | Note
-------+----------+-------------------------------------------
     0 | D:1      | jlumianski the Felid Summoner began the quest for the Orb.
     0 | D:1      | Reached XP level 1. HP: 7/7 MP: 4/4
   124 | D:1      | You fall into a shaft and drop 1 floor!
   214 | D:2      | Reached XP level 2. HP: 11/11 MP: 1/6
   318 | D:1      | Learned a level 2 spell: Call Imp
   956 | D:1      | Succumbed to a kobold's poison

Illustrated notes

Levels and vault maps discovered:
D:1:      roderic_dead_forest, layout_loops_ring, corexii_corridor_pit,
          minmay_lizard_pond
D:2:      layout_basic

Skill      XL: |  1  2 |
---------------+-------+-----
Stealth        | 3 |  3.0
Dodging        | |  2.7
Unarmed Combat | |  0.1
Spellcasting   | |  2.2
Summonings     | |  4.6

Action                   || total
-------------------------++-------
Melee: Unarmed           ||    18
       Bite              ||     2
 Cast: Summon Small Mamm ||    26
       Call Imp          ||     7
  Use: Scroll            ||     2
       Potion            ||     2
 Stab: Sleeping          ||     2
       Distracted        ||     1
Armor: Skin              ||     2
Dodge: Dodged            ||    43
